General information
- name: BNet
- type: Ladder team game (AT/RT)
- host: Battle.net
- saver: TOWERMAN.
map: Mur'gulOasis
- players: 8
- length: 64:01
- speed: Fast
- version: 1.26 W3XP
- replay type: Public
» download(259 KB)
Players
team 1 (winner)
ArrowInTheKnee- (
yellow | 49 APM | 3164 actions | 63:59)
9 Mountain King
3 Storm Bolt
3 Bash
1 Avatar
2 Thunder Clap
» actions
| Assign group hotkey | 157 | |
| Basic commands | 426 | |
| Build / train | 132 | |
| ESC pressed | 4 | |
| Enter build submenu | 49 | |
| Enter hero's abilities submenu | 9 | |
| Give item / drop item | 17 | |
| Remove unit from queue | 2 | |
| Right click | 1376 | |
| Select / deselect | 515 | |
| Select group hotkey | 387 | |
| Use ability | 89 | |
3164 total
» units
| Peasant | 16 | |
| Footman | 11 | |
| Gryphon Rider | 23 | |
| Mortar Team | 4 | |
54 total
» upgrades
| Masonry | 3 | |
| Swords | 3 | |
| Animal War Training | 1 | |
| Lumber Harvesting | 1 | |
| Storm Hammers | 1 | |
| Armor | 3 | |
| Fragmentation Shards | 1 | |
| Gunpowder | 2 | |
15 total
» buildings
| Altar of Kings | 1 | |
| Barracks | 1 | |
| Farm | 12 | |
| Scout Tower | 18 | |
| Arcane Tower | 1 | |
| Arcane Vault | 2 | |
| Keep | 5 | |
| Lumber Mill | 2 | |
| Gryphon Aviary | 2 | |
| Blacksmith | 1 | |
| Castle | 2 | |
| Guard Tower | 29 | |
| Town Hall | 3 | |
| Workshop | 1 | |
80 total
» build order
00:07 Altar of Kings
00:10 Barracks
00:15 Farm
01:25 Farm
02:09 Farm
02:28 Scout Tower
02:59 Arcane Tower
03:19 Arcane Vault
03:48 Keep
03:49 Keep
04:15 Farm
05:01 Lumber Mill
06:13 Gryphon Aviary
06:17 Gryphon Aviary
06:23 Blacksmith
06:38 Castle
08:45 Farm
09:14 Farm
12:09 Farm
12:12 Farm
13:44 Scout Tower
13:48 Scout Tower
14:26 Guard Tower
15:13 Guard Tower
15:13 Guard Tower
16:04 Farm
16:06 Farm
17:13 Town Hall
17:17 Town Hall
18:42 Scout Tower
18:42 Scout Tower
18:43 Scout Tower
18:47 Scout Tower
19:07 Scout Tower
19:09 Scout Tower
19:11 Guard Tower
19:11 Guard Tower
19:11 Guard Tower
19:12 Guard Tower
19:12 Guard Tower
19:12 Guard Tower
19:24 Guard Tower
19:24 Guard Tower
19:37 Guard Tower
20:37 Scout Tower
21:07 Guard Tower
21:08 Scout Tower
21:19 Scout Tower
21:21 Scout Tower
21:36 Guard Tower
22:31 Workshop
27:39 Town Hall
31:37 Scout Tower
31:38 Scout Tower
32:25 Guard Tower
32:43 Guard Tower
32:43 Guard Tower
33:46 Scout Tower
33:47 Scout Tower
34:22 Guard Tower
35:15 Guard Tower
36:48 Keep
36:48 Keep
38:34 Scout Tower
39:10 Castle
40:23 Guard Tower
40:23 Guard Tower
44:07 Arcane Vault
44:39 Farm
46:59 Farm
47:36 Lumber Mill
» items
| Scroll of Regeneration | 7 | |
| Staff of Teleportation | 1 | |
| Boots of Speed | 1 | |
| Orb of Fire | 2 | |
| Scroll of Town Portal | 1 | |
| Potion of Healing | 2 | |
14 total
the_dark_elves (
green | 20 APM | 1294 actions | 64:01)
5 Paladin
3 Holy Light
1 Devotion Aura
1 Divine Shield
» actions
| Basic commands | 25 | |
| Build / train | 89 | |
| Enter build submenu | 26 | |
| Enter hero's abilities submenu | 5 | |
| Give item / drop item | 2 | |
| Right click | 744 | |
| Select / deselect | 292 | |
| Use ability | 111 | |
1294 total
» units
| Peasant | 17 | |
| Footman | 7 | |
| Priest | 8 | |
| Knight | 11 | |
43 total
» upgrades
| Defend | 1 | |
| Plating | 3 | |
| Swords | 3 | |
| Masonry | 3 | |
| Lumber Harvesting | 1 | |
| Priest Training | 2 | |
| Animal War Training | 1 | |
| Magic Sentry | 1 | |
15 total
» buildings
| Altar of Kings | 1 | |
| Farm | 17 | |
| Barracks | 3 | |
| Arcane Vault | 1 | |
| Scout Tower | 16 | |
| Blacksmith | 1 | |
| Arcane Tower | 2 | |
| Lumber Mill | 1 | |
| Keep | 1 | |
| Castle | 1 | |
| Arcane Sanctum | 1 | |
| Guard Tower | 9 | |
| Town Hall | 1 | |
55 total
» build order
00:24 Altar of Kings
00:41 Farm
00:54 Barracks
01:20 Farm
01:57 Farm
02:07 Arcane Vault
02:34 Farm
03:11 Scout Tower
03:18 Blacksmith
03:51 Arcane Tower
03:51 Arcane Tower
04:12 Lumber Mill
04:36 Farm
05:21 Keep
05:25 Farm
06:21 Farm
07:00 Farm
08:04 Castle
08:17 Arcane Sanctum
09:53 Barracks
10:32 Guard Tower
11:53 Barracks
12:02 Farm
12:57 Farm
17:26 Town Hall
17:30 Scout Tower
17:32 Scout Tower
17:33 Scout Tower
17:34 Scout Tower
17:35 Scout Tower
17:37 Scout Tower
18:47 Guard Tower
18:53 Guard Tower
18:53 Guard Tower
19:04 Farm
19:37 Guard Tower
19:50 Guard Tower
20:15 Guard Tower
20:21 Scout Tower
20:22 Scout Tower
20:23 Scout Tower
21:23 Guard Tower
22:00 Guard Tower
24:45 Farm
24:45 Farm
24:46 Farm
27:29 Farm
27:32 Farm
27:32 Farm
28:24 Scout Tower
28:25 Scout Tower
28:26 Scout Tower
28:27 Scout Tower
28:29 Scout Tower
28:30 Scout Tower
» items
| Lesser Clarity Potion | 2 | |
| Potion of Healing | 2 | |
| Scroll of Regeneration | 1 | |
| Ivory Tower | 3 | |
| Orb of Fire | 1 | |
| Scroll of Town Portal | 1 | |
| Potion of Mana | 1 | |
| Orb of Corruption | 1 | |
12 total
blazeofglory (
red | 46 APM | 2184 actions | 47:36)
7 Pandaren Brewmaster
1 Breath of Fire
3 Drunken Brawler
2 Drunken Haze
1 Storm Earth and Fire
» actions
| Assign group hotkey | 84 | |
| Basic commands | 124 | |
| Build / train | 125 | |
| Enter build submenu | 20 | |
| Enter hero's abilities submenu | 7 | |
| Give item / drop item | 4 | |
| Right click | 672 | |
| Select / deselect | 398 | |
| Select group hotkey | 684 | |
| Use ability | 66 | |
2184 total
» units
| Acolyte | 16 | |
| Ghoul | 5 | |
| Frost Wyrm | 22 | |
| Gargoyle | 35 | |
78 total
» upgrades
| Creature Attack | 3 | |
| Creature Carapace | 3 | |
| Ghoul Frenzy | 1 | |
| Freezing Breath | 1 | |
8 total
» buildings
| Altar of Darkness | 1 | |
| Crypt | 1 | |
| Ziggurat | 11 | |
| Graveyard | 1 | |
| Tomb of Relics | 1 | |
| Nerubian Tower | 1 | |
| Halls of the Dead | 1 | |
| Spirit Tower | 13 | |
| Sacrificial Pit | 1 | |
| Black Citadel | 1 | |
| Boneyard | 3 | |
35 total
» build order
00:10 Altar of Darkness
00:16 Crypt
00:35 Ziggurat
00:59 Graveyard
01:25 Tomb of Relics
01:43 Nerubian Tower
02:11 Ziggurat
02:58 Halls of the Dead
03:29 Ziggurat
03:31 Ziggurat
03:43 Spirit Tower
04:27 Spirit Tower
04:30 Spirit Tower
05:22 Sacrificial Pit
06:12 Black Citadel
06:23 Ziggurat
08:37 Boneyard
08:42 Boneyard
09:08 Boneyard
09:26 Spirit Tower
17:01 Ziggurat
17:02 Ziggurat
17:03 Ziggurat
17:04 Ziggurat
17:37 Ziggurat
17:39 Ziggurat
19:05 Spirit Tower
19:10 Spirit Tower
19:10 Spirit Tower
19:10 Spirit Tower
19:10 Spirit Tower
19:34 Spirit Tower
19:40 Spirit Tower
19:47 Spirit Tower
21:28 Spirit Tower
» items
| Dust of Appearance | 1 | |
| Rod of Necromancy | 1 | |
| Boots of Speed | 1 | |
| Scroll of Protection | 2 | |
| Potion of Lesser Invulnerability | 1 | |
| Orb of Corruption | 2 | |
| Scroll of Town Portal | 1 | |
9 total
team 2 (loser)
TOWERMAN. (
purple | 37 APM | 2352 actions | 64:01)
7 Mountain King
3 Storm Bolt
3 Bash
1 Avatar
» actions
| Assign group hotkey | 43 | |
| Basic commands | 201 | |
| Build / train | 73 | |
| Enter build submenu | 26 | |
| Enter hero's abilities submenu | 7 | |
| Give item / drop item | 3 | |
| Right click | 752 | |
| Select / deselect | 237 | |
| Select group hotkey | 934 | |
| Use ability | 76 | |
2352 total
» units
| Peasant | 7 | |
| Footman | 6 | |
| Knight | 7 | |
| Gryphon Rider | 17 | |
37 total
» upgrades
| Masonry | 2 | |
| Lumber Harvesting | 2 | |
| Swords | 1 | |
| Animal War Training | 1 | |
| Armor | 1 | |
| Storm Hammers | 1 | |
8 total
» buildings
| Altar of Kings | 1 | |
| Barracks | 1 | |
| Farm | 15 | |
| Arcane Vault | 1 | |
| Keep | 1 | |
| Lumber Mill | 3 | |
| Scout Tower | 6 | |
| Guard Tower | 3 | |
| Castle | 2 | |
| Gryphon Aviary | 2 | |
| Blacksmith | 1 | |
| Town Hall | 1 | |
37 total
» build order
00:06 Altar of Kings
00:20 Barracks
00:35 Farm
00:50 Farm
01:34 Farm
01:38 Farm
01:48 Arcane Vault
03:15 Keep
03:19 Lumber Mill
03:24 Lumber Mill
03:39 Farm
04:06 Scout Tower
04:07 Scout Tower
04:09 Scout Tower
04:53 Scout Tower
04:54 Scout Tower
04:55 Scout Tower
05:14 Guard Tower
05:53 Castle
06:48 Guard Tower
06:56 Gryphon Aviary
07:31 Gryphon Aviary
08:57 Blacksmith
09:07 Farm
09:09 Farm
09:11 Farm
09:12 Farm
09:13 Farm
09:14 Farm
09:15 Farm
09:16 Farm
09:27 Farm
09:29 Farm
35:38 Town Hall
47:29 Lumber Mill
» items
| Scroll of Regeneration | 5 | |
| Staff of Teleportation | 1 | |
| Potion of Lesser Invulnerability | 2 | |
| Scroll of Town Portal | 4 | |
12 total
dawgpound_brown (
orange | 38 APM | 305 actions | 08:06)
2 Archmage
1 Summon Water Elemental
1 Brilliance Aura
1 Firelord
1 Summon Lava Spawn
» actions
| Build / train | 31 | |
| Enter build submenu | 14 | |
| Enter hero's abilities submenu | 4 | |
| Right click | 107 | |
| Select / deselect | 122 | |
| Use ability | 27 | |
305 total
» units
» upgrades
| Lumber Harvesting | 1 | |
| Swords | 1 | |
| Plating | 1 | |
3 total
» buildings
| Altar of Kings | 1 | |
| Farm | 7 | |
| Lumber Mill | 1 | |
| Scout Tower | 1 | |
| Keep | 1 | |
| Arcane Tower | 1 | |
| Arcane Vault | 1 | |
| Blacksmith | 1 | |
| Castle | 1 | |
| Barracks | 2 | |
17 total
» build order
00:47 Altar of Kings
00:58 Farm
01:15 Lumber Mill
01:39 Farm
02:21 Farm
02:26 Scout Tower
02:39 Keep
03:03 Farm
03:09 Arcane Tower
03:15 Arcane Vault
03:58 Farm
04:31 Blacksmith
04:42 Farm
05:03 Castle
05:33 Farm
05:42 Barracks
05:45 Barracks
» items
| Lesser Clarity Potion | 1 | |
| Scroll of Healing | 1 | |
| Potion of Lesser Invulnerability | 1 | |
| Scroll of Town Portal | 1 | |
| Tome of Retraining | 1 | |
5 total

»
FrAnKeInStEiN (
pink | 37 APM | 2350 actions | 64:01)
6 Warden
2 Fan of Knives
3 Blink
1 Spirit of Vengeance
» actions
| Assign group hotkey | 36 | |
| Basic commands | 38 | |
| Build / train | 58 | |
| Enter build submenu | 18 | |
| Enter hero's abilities submenu | 6 | |
| Give item / drop item | 1 | |
| Remove unit from queue | 3 | |
| Right click | 1372 | |
| Select / deselect | 499 | |
| Select group hotkey | 233 | |
| Use ability | 86 | |
2350 total
» units
| Wisp | 12 | |
| Huntress | 11 | |
| Knight | 2 | |
| Hippogryph | 8 | |
33 total
» upgrades
| Strength of the Moon | 1 | |
| Moon Armor | 1 | |
| Ultravision | 1 | |
| Animal War Training | 1 | |
| Strength of the Wild | 2 | |
| Reinforced Hides | 2 | |
8 total
» buildings
| Moon Well | 9 | |
| Altar of Elders | 1 | |
| Ancient of War | 2 | |
| Hunter's Hall | 1 | |
| Tree of Ages | 1 | |
| Ancient of Wind | 2 | |
| Tree of Eternity | 1 | |
| Ancient of Wonders | 1 | |
| Arcane Tower | 1 | |
19 total
» build order
00:47 Moon Well
01:02 Altar of Elders
01:18 Ancient of War
01:47 Hunter's Hall
02:34 Moon Well
02:57 Ancient of War
04:20 Moon Well
04:59 Moon Well
05:52 Moon Well
07:27 Moon Well
08:24 Moon Well
08:27 Tree of Ages
10:08 Moon Well
11:13 Ancient of Wind
11:16 Ancient of Wind
12:23 Tree of Eternity
12:31 Moon Well
15:50 Ancient of Wonders
39:24 Arcane Tower
» items
| Scroll of Town Portal | 1 | |
| Orb of Venom | 1 | |
| Boots of Speed | 1 | |
3 total
vallyindaclub (
teal | 38 APM | 1425 actions | 37:50)
3 Blademaster
1 Wind Walk
2 Critical Strike
1 Shadow Hunter
1 Serpent Ward
» actions
| Assign group hotkey | 41 | |
| Basic commands | 12 | |
| Build / train | 54 | |
| Enter build submenu | 38 | |
| Enter hero's abilities submenu | 4 | |
| Give item / drop item | 5 | |
| Remove unit from queue | 1 | |
| Right click | 361 | |
| Select / deselect | 376 | |
| Select group hotkey | 447 | |
| Use ability | 85 | |
1425 total
» units
» upgrades
| Spiked Barricades | 2 | |
| Ranged Weapons | 1 | |
| Envenomed Spears | 1 | |
4 total
» buildings
| Altar of Storms | 2 | |
| Orc Burrow | 4 | |
| Voodoo Lounge | 2 | |
| War Mill | 2 | |
| Watch Tower | 18 | |
| Stronghold | 2 | |
| Great Hall | 1 | |
| Fortress | 2 | |
| Beastiary | 3 | |
| Scout Tower | 1 | |
| Lumber Mill | 1 | |
38 total
» build order
00:09 Altar of Storms
00:14 Orc Burrow
00:23 Voodoo Lounge
01:20 War Mill
01:36 Orc Burrow
02:35 Watch Tower
02:56 Watch Tower
03:11 Watch Tower
04:00 Watch Tower
04:36 Watch Tower
04:47 Watch Tower
04:52 Watch Tower
05:12 Watch Tower
05:55 Stronghold
06:17 Great Hall
06:26 Watch Tower
06:30 Watch Tower
06:37 Watch Tower
06:49 Watch Tower
07:33 Orc Burrow
07:41 Voodoo Lounge
08:06 Watch Tower
08:14 Watch Tower
10:34 Fortress
11:38 Beastiary
11:56 Beastiary
12:21 Watch Tower
12:25 Watch Tower
15:08 Altar of Storms
15:12 Orc Burrow
16:37 Watch Tower
16:41 Stronghold
18:04 War Mill
19:40 Fortress
19:49 Watch Tower
21:27 Beastiary
35:50 Scout Tower
37:09 Lumber Mill
» items
| Scroll of Speed | 1 | |
| Lesser Clarity Potion | 6 | |
| Healing Salve | 3 | |
| Potion of Healing | 4 | |
| Potion of Mana | 2 | |
| Orb of Lightning | 1 | |
| Scroll of Town Portal | 1 | |
18 total
Chat log
(00:21 / Allies) FrAnKeInStEiN: units?
(00:29 / Allies) vallyindaclub: some later :)
(00:37 / All) ArrowInTheKnee-: I used to play 4v4, but then I took an arrow in the knee
(00:52 / All) FrAnKeInStEiN: ahah...wtf?
(05:14 / Allies) FrAnKeInStEiN: HUH
(05:17 / Allies) FrAnKeInStEiN: nice ahah
(05:59 / Allies) TOWERMAN.: wood niggers
(08:19 / Allies) FrAnKeInStEiN: they teamkill?
(08:29 / Allies) vallyindaclub: yes
(10:12 / Allies) TOWERMAN.: not yellow
(10:16 / Allies) TOWERMAN.: hit below his base
(10:35 / Allies) FrAnKeInStEiN: fuck we need a-a
(10:41 / Allies) TOWERMAN.: i got aa
(13:10 / Allies) FrAnKeInStEiN: no a-a
(13:36 / Allies) vallyindaclub: thanks for the help guys :)
(13:42 / Allies) vallyindaclub: ah ok
(13:46 / Allies) FrAnKeInStEiN: i got 0 aa
(13:48 / Allies) TOWERMAN.: shut up nigger
(13:49 / Allies) FrAnKeInStEiN: sorry
(13:58 / Allies) TOWERMAN.: pink teal was backstabbing
(14:12 / Allies) vallyindaclub: u fucking kidding me ?
(14:23 / Allies) FrAnKeInStEiN: wtf purp
(14:28 / Allies) TOWERMAN.: he tked me
(14:33 / Allies) vallyindaclub: me ?
(14:36 / Allies) vallyindaclub: u fuckijng stupid ?
(14:55 / Allies) FrAnKeInStEiN: gg
(15:04 / Allies) TOWERMAN.: gg
(15:14 / Allies) FrAnKeInStEiN: ur a fucking noob purp
(15:17 / Allies) vallyindaclub: lol u are tk
(15:28 / Allies) vallyindaclub: thanks fo the help pink
(16:22 / Allies) FrAnKeInStEiN: u have fun teamkilling?
(16:27 / All) TOWERMAN.: yes lawl
(16:30 / Allies) vallyindaclub: u asking me
(16:33 / Allies) FrAnKeInStEiN: no purp
(16:48 / Allies) vallyindaclub: and why the fuck you did onit help me ?
(16:50 / Allies) vallyindaclub: nub
(16:55 / Allies) FrAnKeInStEiN: its over shut up
(16:57 / All) TOWERMAN.: teal plz shut up nigga
(19:55 / Allies) FrAnKeInStEiN: why u ruin game?
(20:06 / Allies) vallyindaclub: cause hes retarded and cant play
(20:14 / All) TOWERMAN.: i wont attack u
(20:16 / All) TOWERMAN.: lets hit red
(22:24 / Allies) vallyindaclub: lol such a noob
(22:40 / All) TOWERMAN.: my aka is drayen teal u had no chance
(22:49 / Allies) vallyindaclub: hahaha u suck so bad
(22:52 / Allies) vallyindaclub: nub
(23:35 / All) vallyindaclub: we have a level 1 nub
(23:42 / All) ArrowInTheKnee-: is it you?
(23:43 / All) ArrowInTheKnee-: raped
(23:57 / Allies) vallyindaclub: lol
(24:09 / All) vallyindaclub: we have nub tk
(24:16 / All) TOWERMAN.: leave fag u got raped teal
(24:18 / Allies) vallyindaclub: now 2 of them :)
(24:27 / All) vallyindaclub: just attack top base
(24:32 / Allies) FrAnKeInStEiN: its over...just tryignto end it
(24:36 / Allies) vallyindaclub: he has few unugraded bird
(24:40 / Allies) vallyindaclub: as he is a nub
(24:49 / All) vallyindaclub: poor guy
(25:20 / All) TOWERMAN.: pink send hippos rape red
(25:25 / All) vallyindaclub: lol gona be fun to watch u nubs die :)
(25:56 / All) vallyindaclub: lol purpl lvl 3 hero still hahahahahahahaha
(26:14 / All) vallyindaclub: lol
(26:35 / All) vallyindaclub: niiiiice
(26:37 / Allies) vallyindaclub: ahahahahahah
(27:12 / Allies) vallyindaclub: lolllls
(27:24 / Allies) FrAnKeInStEiN: ahah
(27:28 / All) vallyindaclub: pink is the man :)
(27:50 / Allies) vallyindaclub: lol
(28:12 / All) FrAnKeInStEiN: end it just kill top base he got nothing...
(28:37 / Allies) vallyindaclub: lol
(28:52 / Allies) vallyindaclub: nub purpl hahahahaha
(28:56 / All) TOWERMAN.: teal and pink
(30:17 / All) TOWERMAN.: pink and green
(30:21 / All) TOWERMAN.: u do realize yellow is my friend
(30:22 / All) TOWERMAN.: rigth
(30:23 / All) TOWERMAN.: lawl
(30:32 / Allies) vallyindaclub: retards dont have friends
(30:41 / All) TOWERMAN.: teal i can decide who wins and loses
(31:51 / All) ArrowInTheKnee-: what a loser -red
(31:53 / All) ArrowInTheKnee-: he is mad
(32:11 / All) TOWERMAN.: teal
(32:14 / All) TOWERMAN.: think iw as kidding
(32:18 / All) TOWERMAN.: I DECIDE WHO WINS AND LOSES
(32:26 / Allies) vallyindaclub: lol sure
(32:44 / Allies) vallyindaclub: with ur 4 unit
(32:53 / All) TOWERMAN.: yellow will let me mine nigger
(32:55 / Allies) vallyindaclub: hummmm well I got 4 k gold .)
(33:10 / Allies) FrAnKeInStEiN: give me some teal plz
(33:13 / Allies) FrAnKeInStEiN: like 800 for items!
(33:17 / Allies) vallyindaclub: naw
(33:21 / Allies) vallyindaclub: u did not help me
(33:24 / Allies) FrAnKeInStEiN: ...
(33:32 / Allies) vallyindaclub: and in the end killed my rest of base :)
(33:46 / Allies) FrAnKeInStEiN: a shop and warmill
(33:47 / Allies) vallyindaclub: besides I only go 4139 :I
(33:57 / Allies) vallyindaclub: kill is a kill :)
(34:13 / All) FrAnKeInStEiN: wtf is red and green doing...
(34:27 / Allies) vallyindaclub: they are fighting each other I think
(34:43 / Allies) FrAnKeInStEiN: weird game
(36:35 / Allies) FrAnKeInStEiN: wtf ahahah
(36:38 / All) ArrowInTheKnee-: bad idea red
(36:40 / All) ArrowInTheKnee-: you idiot
(37:55 / All) TOWERMAN.: teal rage quitted
(38:03 / All) ArrowInTheKnee-: red is very mad, I think
(38:06 / All) ArrowInTheKnee-: not expressing it though
(38:20 / All) ArrowInTheKnee-: green is still in-game
(38:23 / All) ArrowInTheKnee-: he must want the win
(40:56 / All) TOWERMAN.: faggots
(41:03 / All) ArrowInTheKnee-: it's hilarious
(41:06 / All) ArrowInTheKnee-: they think they can win
(41:15 / All) the_dark_elves: no i know
(41:16 / All) TOWERMAN.: leave noobs
(41:31 / All) ArrowInTheKnee-: leave idiots
(41:42 / All) ArrowInTheKnee-: I am making more gryphs
(42:11 / All) TOWERMAN.: u can leave red u jackass nigger
(42:25 / All) TOWERMAN.: AND U TWO GREEN
(42:32 / All) TOWERMAN.: IT FEELS GOOD TO HUMILIATE U
(42:33 / All) ArrowInTheKnee-: gtfo red and green
(42:35 / All) TOWERMAN.: UR PRIDE IS EMBARASSED
(42:38 / All) blazeofglory: im not leaving
(42:42 / All) TOWERMAN.: OH I SEE
(42:48 / All) ArrowInTheKnee-: you shiteaters lost
(42:50 / All) blazeofglory: have fun
(42:53 / All) ArrowInTheKnee-: go rape your mom's corpses
(43:02 / All) ArrowInTheKnee-: because she was cut in two
(43:26 / All) ArrowInTheKnee-: I bet the only hand you ever get
(43:34 / All) ArrowInTheKnee-: is when your hand slips through the toilet paper
(43:49 / All) ArrowInTheKnee-: you are so bad as people
(43:53 / All) ArrowInTheKnee-: that your birth certificate
(43:57 / All) ArrowInTheKnee-: was an apology
(44:00 / All) ArrowInTheKnee-: from the abortion clinic
(44:16 / All) TOWERMAN.: pink is here, we should do standoff
(44:25 / All) TOWERMAN.: pink do u wan tthe win?
(44:25 / All) ArrowInTheKnee-: that's an idea
(44:29 / All) ArrowInTheKnee-: haven't done that in forever
(44:32 / All) TOWERMAN.: we can horse trade with u
(44:33 / All) FrAnKeInStEiN: sure!
(44:40 / All) TOWERMAN.: me and yellow are friends, everybody listen up
(44:48 / All) TOWERMAN.: we're going to kill all units INCLUDING our own, and leave one building
(44:51 / All) TOWERMAN.: person with best computer wins
(44:54 / All) TOWERMAN.: sounds fair?
(45:02 / Allies) FrAnKeInStEiN: what u mean?
(45:05 / All) TOWERMAN.: best internet means
(45:10 / All) FrAnKeInStEiN: huh...
(45:11 / All) ArrowInTheKnee-: This will be a "Mexican Standoff"
(45:12 / All) FrAnKeInStEiN: lol
(45:15 / All) ArrowInTheKnee-: If you leave, you lose
(45:18 / All) FrAnKeInStEiN: ok
(45:19 / All) ArrowInTheKnee-: if you stay forever, you win
(45:35 / All) FrAnKeInStEiN: lol sorry but im leaving for the week...
(45:36 / All) TOWERMAN.: me and yellow will leave one we leave ONE building on EACH team
(45:43 / All) FrAnKeInStEiN: so ill simply keep warcraft on...
(45:48 / All) TOWERMAN.: oh i see
(45:49 / All) TOWERMAN.: good
(45:53 / All) TOWERMAN.: thats what u have to do pink
(45:57 / All) FrAnKeInStEiN: good
(46:05 / All) FrAnKeInStEiN: well see ya
(46:20 / All) TOWERMAN.: like i said me and yellow will keep our word, every unit will die except one building
(46:23 / All) TOWERMAN.: on each side
(46:46 / All) TOWERMAN.: build warmill at fountain itachi
(47:08 / All) TOWERMAN.: go down
(47:13 / All) TOWERMAN.: not a farm
(47:14 / All) TOWERMAN.: cancel
(47:19 / All) ArrowInTheKnee-: no room for am il
(47:19 / All) blazeofglory: did you have fun?
(47:21 / All) TOWERMAN.: ollow me nigga
(47:24 / All) ArrowInTheKnee-: yes red
(47:31 / All) blazeofglory: i glad for you
(47:43 / All) TOWERMAN.: convince green to stay now
(47:47 / All) ArrowInTheKnee-: blue and green are still here
(47:49 / All) TOWERMAN.: has he said anything
(47:52 / All) ArrowInTheKnee-: green, you can have this win
(47:53 / All) ArrowInTheKnee-: no
(47:54 / All) TOWERMAN.: blue is a stabber he doesnt care
(47:57 / All) ArrowInTheKnee-: you just have to stay green
(48:03 / All) ArrowInTheKnee-: and leave wc3 on
(48:09 / All) ArrowInTheKnee-: this win can be yours sir
(48:34 / All) TOWERMAN.: this was a good game
(48:39 / All) ArrowInTheKnee-: indeed
(48:45 / All) ArrowInTheKnee-: esp. if a standoff
(49:01 / All) TOWERMAN.: my chewing you out last game was unwarranted, it was really my fault for not killing my team's expos earlier
(49:08 / All) TOWERMAN.: and just bad luck
(49:09 / All) TOWERMAN.: really
(49:10 / All) ArrowInTheKnee-: no worries
(49:15 / All) TOWERMAN.: they skipped red and hit ur base
(49:32 / All) ArrowInTheKnee-: yes, if I lived and they attacked someone else it would have been a good game
(49:45 / All) TOWERMAN.: if u had ur 12 griffs and some towers that would have been easy
(49:55 / All) TOWERMAN.: i have a hell of a time with hh for some reason
(50:50 / All) TOWERMAN.: was blue afk entire game
(50:57 / All) ArrowInTheKnee-: yes
(50:59 / All) TOWERMAN.: wonder what he thinks when he comes back
(51:01 / All) ArrowInTheKnee-: top left
(51:04 / All) ArrowInTheKnee-: lol
(51:06 / All) TOWERMAN.: \
(51:09 / All) TOWERMAN.: top left what
(51:16 / All) ArrowInTheKnee-: they were revealed
(51:19 / All) ArrowInTheKnee-: top left bases
(51:20 / All) TOWERMAN.: ur chat is better i think
(51:29 / All) ArrowInTheKnee-: wasn't that special
(51:34 / All) ArrowInTheKnee-: I think they were mute irl
(51:37 / All) TOWERMAN.: how the fuck did u kill red he had a lot
(51:39 / All) TOWERMAN.: and they had expos
(51:49 / All) ArrowInTheKnee-: he only had 2 ghouls and a few towers
(51:52 / All) ArrowInTheKnee-: at the very end
(51:58 / All) ArrowInTheKnee-: we raped his army since he made ab ad choice
(52:06 / All) ArrowInTheKnee-: his expo, I just would run back when he attacked with towers
(52:07 / All) ArrowInTheKnee-: they'd stop
(52:10 / All) ArrowInTheKnee-: then I'd run back
(52:17 / All) ArrowInTheKnee-: and he'd have to manually attack, which was too late
(52:21 / All) ArrowInTheKnee-: like his mom's period
(52:30 / All) TOWERMAN.: oh
(52:32 / All) TOWERMAN.: leave a tower
(52:33 / All) TOWERMAN.: k?
(52:37 / All) ArrowInTheKnee-: k
(52:44 / All) TOWERMAN.: we need something to kill our shit
(52:59 / All) TOWERMAN.: u still got shit?
(53:06 / All) ArrowInTheKnee-: yes
(53:09 / All) ArrowInTheKnee-: killing shit
(53:11 / All) TOWERMAN.: kill my shit and build one tower away from mills
(53:16 / All) ArrowInTheKnee-: like red's 2 ghouls and green's 2 peons
(53:19 / All) ArrowInTheKnee-: once all this stuff is dead
(53:31 / All) ArrowInTheKnee-: I have 1 tower to leave at my base
(53:42 / All) TOWERMAN.: make sure all farms are dead, a hippo can let u buy shit at a camp
(54:43 / All) TOWERMAN.: wheres ur shit
(54:44 / All) TOWERMAN.: kill me
(54:45 / All) TOWERMAN.: in middle
(54:48 / All) ArrowInTheKnee-: at red
(54:51 / All) TOWERMAN.: stay there
(54:53 / All) ArrowInTheKnee-: killing more important stuff first
(54:56 / All) ArrowInTheKnee-: go to my tower
(54:58 / All) ArrowInTheKnee-: at my old base
(55:00 / All) ArrowInTheKnee-: M and die
(55:22 / All) ArrowInTheKnee-: it would be funny if we left a shade
(55:25 / All) ArrowInTheKnee-: no acolytes though
(56:18 / All) TOWERMAN.: cuz i got a shitty connection, u should be one to be last standing for insurance
(56:31 / All) ArrowInTheKnee-: I hate magic immunes
(56:34 / All) ArrowInTheKnee-: so annoying against gryphs
(56:42 / All) TOWERMAN.: my side is wrapped up
(56:54 / All) ArrowInTheKnee-: I am killing green's last peasants
(56:57 / All) TOWERMAN.: kill all ur buildings except war mill then ur shit with ur tower
(56:58 / All) ArrowInTheKnee-: he is afk I think
(57:01 / All) ArrowInTheKnee-: not doing anything
(57:11 / All) ArrowInTheKnee-: that is the plan
(57:27 / All) TOWERMAN.: pink and green u here
(57:33 / All) ArrowInTheKnee-: this movement speed item is so handy for this
(57:48 / All) ArrowInTheKnee-: my lumber mill has more hp
(58:02 / All) ArrowInTheKnee-: all of green's shit is dead
(58:07 / All) ArrowInTheKnee-: wait
(58:11 / All) ArrowInTheKnee-: 1 peasant, then he is
(59:00 / All) ArrowInTheKnee-: killing your bs
(59:06 / All) ArrowInTheKnee-: then my shit
(59:26 / All) TOWERMAN.: kill ur shit away from ur tower so splash doesn't kill it
(59:31 / All) ArrowInTheKnee-: I am
(59:35 / All) ArrowInTheKnee-: doing so near your old bs
(59:39 / All) ArrowInTheKnee-: leaving 1 gryph to kill with tower
(59:41 / All) ArrowInTheKnee-: the low hp one
(59:55 / All) TOWERMAN.: make one last check with last griff
(60:28 / All) ArrowInTheKnee-: 1 gryph now, killing my hero
(60:47 / All) TOWERMAN.: make sure to save replay ur side's chat is better i think
(60:54 / All) ArrowInTheKnee-: this is a standoff
(60:57 / All) ArrowInTheKnee-: OF COURSE I will
(61:06 / All) ArrowInTheKnee-: taking forever to kill this mk
(61:48 / All) ArrowInTheKnee-: are there any creeps to speed up this mk's death?
(61:51 / All) ArrowInTheKnee-: half hp
(61:55 / All) TOWERMAN.: should have brought his hp down with griffs nigga
(61:58 / All) TOWERMAN.: no
(62:19 / All) ArrowInTheKnee-: using patrol to make him dance in his final moments
(62:25 / All) ArrowInTheKnee-: RIP Buri Frostbeard, Mountain King
(62:36 / All) TOWERMAN.: good luck pink, green, and blue
(62:43 / All) ArrowInTheKnee-: His items are all dead too.
(62:49 / All) TOWERMAN.: may the best internet service provider win
(62:54 / All) ArrowInTheKnee-: lawl
(63:07 / All) ArrowInTheKnee-: The most dedicated shall prosper. The cowardly and weak shall lose.
(63:19 / All) ArrowInTheKnee-: DOWN BURI GOES.
(63:24 / All) ArrowInTheKnee-: Now, this gryphon.
(63:38 / All) ArrowInTheKnee-: LET IT BEGIN, LET IT BEGIN! MEXICAN STANDOFF!
(63:50 / All) ArrowInTheKnee-: DOWN THE GRYPHON GOES. WHO WINS, NOBODY KNOWS>
(63:55 / All) ArrowInTheKnee-: GOOD LUCK.